 Dungeon Crawl Stone Soup version 0.29-a0-925-g0a7a3d12f8 (webtiles) character file.

Game seed: 3992744270517419426

111827 Sobieck the Eclecticist (level 17, -32/119 HPs)
             Began as a Djinni Conjurer on July 28, 2022.
             Was the Champion of Makhleb.
             Killed by an exploding ball lightning (39 damage)
             ... on level 1 of the Elven Halls.
             The game lasted 01:32:46 (26183 turns).

Sobieck the Eclecticist (Djinni Conjurer)          Turns: 26183, Time: 01:32:47

Health: -32/119    AC: 11    Str:  6    XL:     17   Next: 13%
Gold:   941        EV: 18    Int: 26    God:    Makhleb [******] SH: 12 Dex: 14

rFire   + + +      SeeInvis .   v - staff of conjuration {!a@e2staff}
rCold   + . .      Faith    .   I - +2 kite shield
rNeg    . . .      Spirit   .   M - +0 troll leather armour
rPois   ∞          Reflect  .   z - +2 hat {Will+}
rElec   .          Harm     .   f - scarf {rC+ rF+}
rCorr   .          Rampage  .   P - +2 pair of gloves
Will    ++...                   (boots unavailable)
Stlth   +++.......              T - amulet of regeneration {@e2}
HPRegen 1.89/turn               h - ring of protection from cold
MPRegen 0.00/turn               H - +4 ring of evasion

@: flying
A: sickness immunity, fire resistance 2, cold vulnerability 1, float, innate
caster, HP casting, extra vitality 1
a: Renounce Religion, Minor Destruction, Lesser Servant of Makhleb, Major
Destruction, Greater Servant of Makhleb


You were on level 1 of the Elven Halls.
You worshipped Makhleb.
Makhleb was exalted by your worship.
You visited 5 branches of the dungeon, and saw 24 of its levels.

You collected 2931 gold pieces.
You spent 1990 gold pieces at shops.


Innate Abilities, Weirdness & Mutations

You are immune to sickness and miasma.
You are immune to poison.
Your flesh is very heat resistant. (rF++)
You are vulnerable to cold. (rC-)
You float through the air rather than walking.
You learn spells naturally, not from books.
Your magical power is your life essence.
You have superior vitality. (+4 MHP)


   Skills:
 - Level 10.0 Fighting
 + Level 9.2 Armour
 + Level 9.3 Dodging
 - Level 5.0 Stealth
 - Level 7.0 Shields
 - Level 18.0 Spellcasting


You had 7 spell levels left.
You knew the following spells:

 Your Spells              Type           Power      Damage    Failure   Level
a - Magic Dart            Conj           100%       1d8       0%          1
b - Searing Ray           Conj           100%       2d8       0%          2
c - Dazzling Flash        Conj/Hex       100%       N/A       0%          3
d - Fulminant Prism       Conj/Hex       54%        3d23      1%          4
e - Iskenderun's Mystic   Conj/Tloc      100%       2d19      1%          4
f - Foxfire               Conj/Fire      100%       2x1d9     0%          1
g - Blink                 Tloc           100%       N/A       0%          2
h - Conjure Flame         Conj/Fire      100%       6-21      0%          3
i - Swiftness             Air            86%        N/A       0%          3
j - Petrify               Tmut/Erth      86%        N/A       1%          4
k - Borgnjor's Vile Clut  Necr/Erth      43%        N/A       1%          5
l - Conjure Ball Lightni  Conj/Air       54%        3x3d20    1%          6
m - Spellforged Servitor  Conj/Summ      54%        N/A       3%          7
Your spell library was empty.

Inventory:

Hand Weapons
 a - a +4 dagger of electrocution {short}
   (You took it off Dowan on level 4 of the Dungeon)
 e - a +0 dagger of venom {short}
   (You took it off a kobold on level 1 of the Dungeon)
 F - a +2 short sword of protection {short}
   (You took it off a kobold brigand on level 9 of the Dungeon)
 W - a +2 vorpal double sword {longrare=g}
   (You took it off Urug on level 4 of the Lair of Beasts)
Missiles
 b - 108 stones {throwing}
 c - 6 boomerangs {throwing}
 n - 5 silver javelins {throwing}
 D - 30 poisoned darts {throwing}
 E - 3 throwing nets {=f!fthrowing}
 X - 5 javelins {throwing}
Armour
 f - a scarf of resistance (worn)
   (You found it on level 6 of the Dungeon)
 z - a +2 hat of willpower (worn)
   (You took it off Gastronok on level 8 of the Dungeon)
 I - a +2 kite shield (worn)
   (You took it off a vault guard on level 14 of the Dungeon)
 M - a +0 troll leather armour (worn)
   (You found it on level 10 of the Dungeon)
 P - a +2 pair of gloves (worn)
   (You found it on level 6 of the Dungeon)
Magical Staves
 v - a staff of conjuration (weapon) {!a@e2staff}
   (You found it on level 7 of the Dungeon)
Jewellery
 d - a ring of protection from fire
   (You bought it in a shop on level 15 of the Dungeon)
 h - a ring of protection from cold (left hand)
   (You found it on level 11 of the Dungeon)
 y - a ring of fire
   (You found it on level 2 of the Dungeon)
 G - a +6 ring of dexterity
   (You found it on level 3 of the Dungeon)
 H - a +4 ring of evasion (right hand)
   (You found it on level 3 of the Dungeon)
 J - a +6 ring of dexterity
   (You found it on level 10 of the Dungeon)
 S - a ring of fire
   (You found it on level 4 of the Dungeon)
 T - an amulet of regeneration (around neck) {@e2}
   (You found it on level 12 of the Dungeon)
 Y - a ring of resist corrosion
   (You found it on level 5 of the Lair of Beasts)
Wands
 o - a wand of polymorph (8)
   (You found it on level 6 of the Dungeon)
 s - a wand of flame (43)
   (You took it off Grum on level 8 of the Dungeon)
 L - a wand of charming (11)
   (You found it on level 10 of the Dungeon)
 O - a wand of iceblast (24)
   (You found it on level 8 of the Dungeon)
 Z - a wand of digging (7)
   (You found it on level 13 of the Dungeon)
Scrolls
 g - 5 scrolls of teleportation {@r4}
 k - 2 scrolls of torment {!r}
 m - 6 scrolls of blinking {!r}
 p - 3 scrolls of immolation {!r!r}
 u - 5 scrolls of fear
 w - 5 scrolls of butterflies
 x - a scroll of noise {!r}
 A - 5 scrolls of magic mapping {!r}
 N - a scroll of summoning
 R - 2 scrolls of silence {!r}
Potions
 i - a potion of resistance
 j - 11 potions of curing {@q1}
 l - 9 potions of haste {@q3}
 q - 8 potions of brilliance
 r - 3 potions of ambrosia
 t - 3 potions of might
 B - 2 potions of mutation {!q}
 C - a potion of invisibility
 K - 7 potions of heal wounds {@q2}
 Q - 4 potions of lignification {!q}
 U - a potion of cancellation
 V - 2 potions of attraction {!q}

Dungeon Overview and Level Annotations

Branches:
Dungeon (15/15) Zot: 25331  Temple (1/1) D:7 Zot: 5953    Lair (5/5) D:9 Zot: 24371
 Shoals (0/4) Lair:3       Spider (0/4) Lair:3        Slime (0/5) Lair:4
    Orc (2/2) D:9 Zot: 10383     Elf (1/3) Orc:2 Zot: 5948  Vaults (0/5) D:14
 Depths (0/4) D:15

Altars:
Ashenzari
Cheibriados
Dithmenos
Elyvilon
Fedhas
Gozag
Hepliaklqana
Makhleb
Nemelex Xobeh
Okawaru
Qazlal
Ru
Trog
Uskayaw
Wu Jian
Xom
Yredelemnul
Zin
The Shining One
Jiyva

Shops:
D:5 !(   D:8 !   D:13 !   D:15 *   Orc:2 (*[((

Annotations:
D:6 1 runed translucent door, dang3rdave's ghost, novice GrTm
D:7 exclusion: 9 doors
D:13 2 transporters, exclusion: orange crystal statue, kd29's ghost, journeyman MfSu
Temple 2 transporters

.# ..#####.
#..#..#
##.)...##
.#.......##
....)[).@.#
...).)....####
.ee.......)..+
#........####
##.....)##
##....##
#......
#.###)#. #.
#.#.#


You could see a deep elf sorcerer (fast) and a deep elf zephyrmancer.


Message History

You hear a shout!
Unknown command.
Your fulminant prism crackles loudly.
The blast of energy engulfs the deep elf archer!!
Unknown command.
Casting: Fulminant Prism (safe; 1% risk of failure)
Confirm with . or Enter, or press ? or * to list all spells.
Aiming: Fulminant Prism (safe; 1% risk of failure)
Press: ? - help, Dir - move target You feel a surge of power!
You conjure a prism of explosive energy!
A fulminant prism comes into view.
The deep elf archer shoots an arrow.
You block the arrow.
A deep elf pyromancer comes into view.
It is wielding a +0 long sword of electrocution.
You hear a shout!
Unknown command.
The deep elf archer shoots an arrow.
The arrow hits you!!
Your fulminant prism crackles loudly.
The blast of energy engulfs the deep elf pyromancer!!!
You kill the deep elf pyromancer!
Makhleb accepts your kill.
You feel better.
The blast of energy engulfs the deep elf archer!!!
You kill the deep elf archer!
Makhleb accepts your kill.
You feel better.
Training target 10.0 for Fighting reached!
Your Fighting skill increases to level 10!
There is a staircase back to the Mines here.
Unknown command.
Unknown command.
You start resting.
A deep elf archer comes into view. It is wielding a +0 dagger.
Danger!
Casting: Fulminant Prism (safe; 1% risk of failure)
Confirm with . or Enter, or press ? or * to list all spells.
Aiming: Fulminant Prism (safe; 1% risk of failure)
Press: ? - help, Dir - move target You feel a surge of power!
You conjure a prism of explosive energy!
The deep elf archer shouts!
A fulminant prism comes into view.
The deep elf archer unwields a +0 dagger.
The deep elf archer wields a +0 shortbow.
The deep elf archer shoots an arrow.
The arrow hits your fulminant prism!!
A deep elf pyromancer comes into view. It is wielding a +0 long sword.
Unknown command.
Your fulminant prism crackles loudly.
The deep elf archer shoots an arrow.
The arrow hits your fulminant prism!!
Casting: Fulminant Prism (safe; 1% risk of failure)
Confirm with . or Enter, or press ? or * to list all spells.
Aiming: Fulminant Prism (safe; 1% risk of failure)
Press: ? - help, Dir - move target You feel a surge of power!
You conjure a prism of explosive energy!
A fulminant prism comes into view.
The deep elf archer shoots an arrow.
The arrow hits your fulminant prism!
The deep elf archer shoots an arrow.
The arrow hits your fulminant prism!!
A deep elf sorcerer comes into view. It is wielding a +0 short sword.
Unknown command.
Casting: Fulminant Prism (safe; 1% risk of failure)
Confirm with . or Enter, or press ? or * to list all spells.
Okay, then.
Unknown command.
Zombie hands grab the deep elf pyromancer.
The zombie hands constrict the deep elf pyromancer!
The deep elf pyromancer struggles to escape constriction.
The deep elf sorcerer points at you and mumbles some strange words.
The sphere of damnation explodes!
The damnation engulfs you!!
Unknown command.
Casting: Borgnjor's Vile Clutch (safe; 1% risk of failure)
Confirm with . or Enter, or press ? or * to list all spells.
You feel a surge of power!
You create some ball lightning! 3 ball lightnings come into view.
The zombie hands constrict the deep elf pyromancer!
The deep elf pyromancer escapes!
The deep elf sorcerer casts a spell.
The deep elf sorcerer seems to speed up.
Your ball lightning explodes!
The blast of lightning engulfs your ball lightning.
Your ball lightning completely resists.
The blast of lightning engulfs you!!!
* * * LOW HITPOINT WARNING * * *
The blast of lightning engulfs the deep elf pyromancer!!!
You kill the deep elf pyromancer!
Makhleb accepts your kill.
You feel better.
A deep elf zephyrmancer comes into view.
It is wielding a +0 dagger.
Your ball lightning explodes!
The blast of lightning engulfs your ball lightning.
Your ball lightning completely resists.
The blast of lightning engulfs the deep elf archer!!!
The blast of lightning engulfs you!!!
* * * LOW HITPOINT WARNING * * *
Your ball lightning explodes!
The blast of lightning engulfs the deep elf archer!!
You kill the deep elf archer!
Makhleb accepts your kill. The blast of lightning engulfs you!!!
You die...

Skill      XL: |  1  2  3  4  5  6  7  8  9 10 11 12 13 14 15 16 17 |
---------------+----------------------------------------------------+-----
Spellcasting   | 4 5 6 7 8 10 11 12 14 15 16 18 | 18.0
Shields        | 3 6 7 |  7.0
Fighting       | 3 4 8 9 10 | 10.0
Dodging        | 4 5 7 8 9 |  9.3
Stealth        | 3 5 |  5.0
Armour         | 4 5 7 8 9 |  9.2

Action                   |  1- 3 |  4- 6 |  7- 9 | 10-12 | 13-15 | 16-18 || total
-------------------------+-------+-------+-------+-------+-------+-------++-------
 Fire: Sling             |       |     4 |       |       |       |       ||     4
 Cast: Magic Dart        |    28 |     2 |       |     2 |       |       ||    32
       Foxfire           |    46 |   170 |   100 |   173 |       |    10 ||   499
       Searing Ray       |     1 |    10 |     1 |     7 |     1 |       ||    20
       Iskenderun's Myst |       |     1 |    28 |    37 |    69 |    51 ||   186
       Blink             |       |     1 |       |       |       |       ||     1
       Dazzling Flash    |       |       |     1 |     1 |       |       ||     2
       Fulminant Prism   |       |       |    30 |    96 |   146 |   132 ||   404
       Borgnjor's Vile C |       |       |       |       |    53 |    70 ||   123
       Conjure Flame     |       |       |       |       |     1 |       ||     1
       Petrify           |       |       |       |       |     1 |       ||     1
       Conjure Ball Ligh |       |       |       |       |    10 |     1 ||    11
       Swiftness         |       |       |       |       |     1 |       ||     1
  Use: Scroll            |       |    12 |     6 |     7 |     5 |     1 ||    31
       Potion            |       |       |     1 |       |     2 |       ||     3
Armor: Robe              |       |     4 |       |     1 |       |       ||     5
       Leather armour    |       |       |       |     7 |       |       ||     7
       Troll leather arm |       |       |       |     3 |     3 |       ||     6
Dodge: Dodged            |     3 |    14 |     7 |    16 |    24 |    15 ||    79
Block: Other             |     1 |     3 |     7 |       |       |       ||    11
       Reflection        |       |     1 |       |       |       |       ||     1
       Buckler           |       |       |       |     5 |       |       ||     5
       Kite shield       |       |       |       |     8 |    16 |     8 ||    32

Levels and vault maps discovered:
D:1:      giann_bridges, layout_loops_ring, serial_rivers,
          chequers_serial_rivers_small_b, chequers_serial_rivers_small_a,
          chequers_serial_rivers_marsh, chequers_serial_rivers_small_3,
          nicolae_titane
D:2:      layout_loops_cross, shapermc_ecumenical_altar_acropolis, uniq_jessica,
          uniq_natasha, uniq_terence
D:3:      layout_basic, fedhas_ov_isle_minmay, nicolae_overflow_hidden_temple,
          chequers_temple_overflow_minitemple, serial_bayou,
          serial_bayou_pond_b, serial_bayou_crossing, serial_bayou_lagoon_a,
          serial_bayou_pond_c, serial_bayou_pond_a, serial_bayou_pond_d,
          cheibrodos_gnoll_hut
D:4:      layout_basic, minmay_misc_feat_tower, uniq_pikel, uniq_duvessa
D:5:      layout_basic, serial_shops, nicolae_square_shop,
          nicolae_shop_behind_doors, uniq_menkaure, uniq_eustachio
D:6:      layout_rooms, hellmonk_ghost_happy_afterlife
D:7:      layout_basic, mainiacjoe_overflow_boulevard,
          minmay_temple_entry_from_below_b, minmay_misc_feat_columns,
          guppyfry_early_elven_hall
D:8:      layout_loops_cross, nzn_hepliaklqana_mist_gate, old_standard_altar,
          serial_shops, nicolae_shop_trees, uniq_grum, uniq_gastronok
D:9:      layout_roguey, old_standard_altar, dpeg_lair_monsters,
          david_orc_1_choice, nicolae_sextant, grunt_ministairs_3
D:10:     kennysheep_big_flooded_room, layout_gridville, minmay_parallelograms,
          minmay_beelzebubs_servants, uniq_nergalle
D:11:     layout_grid_maze, blue_anna_alchemist
D:12:     layout_stronghold, uniq_frances, uniq_erolcha, uniq_azrael
D:13:     layout_grid_maze, nzn_ghost_randoct, serial_shops, shop
D:14:     layout_roguey [special_room_orc], ximxim_vaults_locker_room,
          infiniplex_staircase_zigzag_2
D:15:     grunt_enter_depths_snipers, layout_grid_maze, serial_shops,
          nicolae_shop_crystal, nrook_campfire, hangedman_decor_push,
          eino_tiny_chamber, tso_metal_star, uniq_rupert
Temple:   hellmonk_temple_divided_pantheon
Lair:1:   layout_loops_ring, st_stairs_13, grunt_megastairs_1,
          infiniplex_staircase_pool_2
Lair:2:   layout_gridlike
Lair:3:   layout_regular_city, shoals_dummy_entry, spider_nest_entry_web_field,
          cheibrodos_lair_caveside_slide, grunt_megastairs_5
Lair:4:   layout_layer_cave, slime_entry_1, uniq_urug
Lair:5:   grunt_lair_end_beastmaster, layout_cave_shapes, serial_bayou,
          serial_bayou_lake_a, serial_bayou_pond_c, serial_bayou_ford_a,
          serial_bayou_lagoon_b, minivault_27
Orc:1:    layout_diamond_mine
Orc:2:    grunt_orc_community_town_hall, layout_caves,
          grunt_orc_community_big_house_1, grunt_orc_community_big_house_1,
          grunt_orc_community_house_3, grunt_orc_community_house_1,
          grunt_orc_community_house_3, grunt_orc_community_house_3,
          grunt_orc_community_house_1, grunt_orc_community_house_3,
          serial_shops, shop, led_sif_book
Elf:1:    layout_loops_corners, minmay_elf_necromancy, nicolae_elf_altarnating

Notes
Turn   | Place    | Note
-------+----------+-------------------------------------------
     0 | D:1      | Sobieck the Djinni Conjurer began the quest for the Orb.
     0 | D:1      | Sobieck set off with the following spells memorised: Magic
                  | Dart, Searing Ray, Dazzling Flash, Fulminant Prism,
                  | Iskenderun's Mystic Blast.
     0 | D:1      | Reached XP level 1. HP: 15/15 MP: 0/0
    65 | D:1      | Reached XP level 2. HP: 8/21 MP: 0/0
   561 | D:1      | Reached XP level 3. HP: 20/25 MP: 0/0
   561 | D:1      | Learned a level 1 spell: Foxfire
   675 | D:1      | Reached skill level 4 in Spellcasting
  1699 | D:2      | Reached XP level 4. HP: 30/31 MP: 0/0
  2190 | D:2      | Noticed Terence
  2203 | D:2      | Killed Terence
  2204 | D:2      | Reached XP level 5. HP: 23/35 MP: 0/0
  2204 | D:2      | Learned a level 2 spell: Blink
  2327 | D:2      | Noticed Jessica
  2332 | D:2      | Killed Jessica
  2377 | D:2      | Found a faded altar of an unknown god.
  2382 | D:2      | Reached skill level 5 in Spellcasting
  2733 | D:2      | Noticed Natasha
  2738 | D:2      | Killed Natasha
  3151 | D:3      | Reached XP level 6. HP: 36/40 MP: 0/0
  3630 | D:3      | Found a shimmering altar of Xom.
  3885 | D:3      | Found a blossoming altar of Fedhas.
  3901 | D:3      | Reached skill level 6 in Spellcasting
  3933 | D:3      | Found a stormy altar of Qazlal.
  3941 | D:3      | Found an iron altar of Okawaru.
  3943 | D:3      | Found a hide-covered altar of Uskayaw.
  3944 | D:3      | Found a broken altar of Ashenzari.
  4499 | D:4      | Identified a scroll of acquirement
  4499 | D:4      | Acquired 447 gold pieces
  4736 | D:4      | Noticed an ogre
  4821 | D:4      | Reached XP level 7. HP: 42/45 MP: 0/0
  4821 | D:4      | Learned a level 3 spell: Conjure Flame
  5000 | D:4      | Noticed Pikel
  5005 | D:4      | Noticed Duvessa
  5333 | D:3      | Killed Pikel
  5334 | D:3      | Reached skill level 7 in Spellcasting
  5334 | D:3      | Reached XP level 8. HP: 18/50 MP: 0/0
  5537 | D:4      | Killed Duvessa
  5537 | D:4      | Noticed Dowan
  5720 | D:4      | Killed Dowan
  5866 | D:4      | Reached skill level 8 in Spellcasting
  6392 | D:5      | Entered Level 5 of the Dungeon
  6467 | D:5      | Found Esiqaq's Antique Weapon Boutique.
  6517 | D:5      | Noticed Menkaure
  6525 | D:5      | Killed Menkaure
  6526 | D:5      | Reached XP level 9. HP: 23/55 MP: 0/0
  6526 | D:5      | Learned a level 3 spell: Swiftness
  7048 | D:5      | Found Wuemesh's Distillery.
  7051 | D:5      | Bought a potion of curing for 39 gold pieces
  7051 | D:5      | Bought a potion of heal wounds for 65 gold pieces
  7051 | D:5      | Bought a potion of heal wounds for 65 gold pieces
  7051 | D:5      | Bought a potion of haste for 130 gold pieces
  7059 | D:5      | Reached skill level 9 in Spellcasting
  7239 | D:5      | Noticed Eustachio
  7248 | D:5      | Killed Eustachio
  7876 | D:6      | Reached skill level 10 in Spellcasting
  8075 | D:6      | Reached skill level 1 in Shields
  8079 | D:6      | Reached skill level 1 in Fighting
  8313 | D:6      | Noticed dang3rdave's ghost (novice GrTm)
  8322 | D:6      | Found a runed translucent door.
  8617 | D:7      | Found an ornate altar of the Wu Jian Council.
  8738 | D:7      | Reached skill level 3 in Dodging
  8738 | D:7      | Reached skill level 2 in Stealth
  8917 | D:7      | Noticed a two-headed ogre
  8926 | D:7      | Killed a two-headed ogre
  8927 | D:7      | Reached skill level 3 in Fighting
  8927 | D:7      | Reached skill level 4 in Dodging
  8927 | D:7      | Reached skill level 3 in Stealth
  8927 | D:7      | Reached skill level 3 in Shields
  8927 | D:7      | Reached XP level 10. HP: 51/67 MP: 0/0
  9259 | D:7      | Noticed a deep elf zephyrmancer
  9666 | D:8      | Reached skill level 4 in Fighting
  9666 | D:8      | Reached skill level 5 in Dodging
  9729 | D:8      | Noticed Grum
  9737 | D:8      | Killed Grum
  9904 | D:8      | Noticed Gastronok
  9919 | D:8      | Killed Gastronok
  9933 | D:8      | Reached skill level 11 in Spellcasting
 10048 | D:8      | You are sucked into a shaft and drop 3 floors!
 10257 | D:11     | Noticed a six-headed hydra
 10264 | D:11     | Killed a six-headed hydra
 10265 | D:11     | Reached XP level 11. HP: 54/73 MP: 0/0
 10265 | D:11     | Learned a level 4 spell: Petrify
 10461 | D:10     | Entered Level 10 of the Dungeon
 10542 | D:8      | Identified the +3 leather armour of the Amoeba {Fly rF-
                  | rCorr Int+3}
 10782 | D:8      | Found a shadowy altar of Dithmenos.
 10798 | D:8      | Found Sorahemi's Distillery.
 10812 | D:7      | Found a staircase to the Ecumenical Temple.
 10822 | Temple   | Entered the Ecumenical Temple
 10822 | Temple   | Found a transporter.
 10822 | Temple   | Found a transporter.
 10824 | Temple   | Found a transporter.
 10824 | Temple   | Found a transporter.
 10848 | Temple   | Became a worshipper of Makhleb the Destroyer
 11020 | D:8      | Found a hazy altar of Hepliaklqana.
 11141 | D:8      | Reached skill level 1 in Armour
 11300 | D:8      | Identified the +1 robe "Roskij" {rF+ Str-4 Stlth+}
 11472 | D:9      | Found a sacrificial altar of Ru.
 11658 | D:9      | Reached skill level 2 in Armour
 11823 | D:9      | Noticed a white ugly thing
 11833 | D:9      | Killed a white ugly thing
 11834 | D:9      | Reached skill level 12 in Spellcasting
 11848 | D:9      | Reached * piety under Makhleb
 12205 | D:9      | Reached skill level 3 in Armour
 12400 | D:9      | Noticed a death yak
 12417 | D:9      | Noticed a death yak
 12427 | D:9      | Killed a death yak
 12549 | D:9      | Reached skill level 4 in Armour
 12700 | D:9      | Noticed a death yak
 12707 | D:9      | Killed a death yak
 12723 | D:9      | Killed a death yak
 12724 | D:9      | Reached XP level 12. HP: 41/78 MP: 0/0
 12916 | D:9      | Found a staircase to the Lair.
 13047 | D:9      | Reached skill level 5 in Armour
 13101 | D:9      | Found a staircase to the Orcish Mines.
 13162 | D:9      | Reached skill level 13 in Spellcasting
 13345 | D:10     | Reached ** piety under Makhleb
 13706 | D:10     | Noticed Nergalle
 13720 | D:10     | Killed Nergalle
 13808 | D:10     | Reached skill level 14 in Spellcasting
 14498 | D:11     | Noticed a boulder beetle
 14510 | D:11     | Killed a boulder beetle
 14684 | D:11     | Noticed an eight-headed hydra
 14691 | D:11     | Reached XP level 13. HP: 72/83 MP: 0/0
 14691 | D:11     | Learned a level 5 spell: Borgnjor's Vile Clutch
 14692 | D:11     | Killed an eight-headed hydra
 15274 | D:12     | Noticed Erolcha
 15284 | D:12     | Killed Erolcha
 15475 | D:8      | Bought a potion of experience for 650 gold pieces
 15475 | D:8      | Reached skill level 8 in Fighting
 15475 | D:8      | Reached XP level 14. HP: 99/99 MP: 0/0
 15821 | D:12     | Reached skill level 9 in Fighting
 15821 | D:12     | Reached skill level 15 in Spellcasting
 16016 | D:12     | Noticed Frances
 16016 | D:12     | Noticed Azrael
 16030 | D:12     | Killed Frances
 16034 | D:12     | Killed Azrael
 16401 | D:13     | Found a transporter.
 16427 | D:13     | Reached *** piety under Makhleb
 16458 | D:13     | Found a transporter.
 16557 | D:13     | Found Launu's Distillery.
 16565 | D:13     | Bought a potion of heal wounds for 70 gold pieces
 16565 | D:13     | Bought a potion of haste for 140 gold pieces
 16565 | D:13     | Bought a potion of haste for 140 gold pieces
 16758 | D:13     | Reached skill level 4 in Shields
 16773 | D:13     | Reached skill level 6 in Dodging
 16773 | D:13     | Reached skill level 4 in Stealth
 16863 | D:13     | Reached skill level 6 in Armour
 17079 | D:13     | Noticed kd29's ghost (journeyman MfSu)
 17202 | D:13     | Reached skill level 5 in Shields
 17435 | D:14     | Reached skill level 5 in Stealth
 17628 | D:14     | Reached **** piety under Makhleb
 17662 | D:14     | Reached skill level 7 in Dodging
 17725 | D:14     | Reached skill level 7 in Armour
 17835 | D:14     | Reached skill level 6 in Shields
 17842 | D:14     | Reached XP level 15. HP: 104/105 MP: 0/0
 17842 | D:14     | Learned a level 6 spell: Conjure Ball Lightning
 17844 | D:14     | Reached skill level 8 in Dodging
 17858 | D:14     | Found a gate to the Vaults.
 18108 | D:14     | Reached skill level 8 in Armour
 18310 | D:15     | Entered Level 15 of the Dungeon
 18315 | D:15     | Found a glowing golden altar of the Shining One.
 18676 | Lair:1   | Entered Level 1 of the Lair of Beasts
 20187 | Lair:3   | Reached ***** piety under Makhleb
 20299 | Lair:3   | Reached skill level 16 in Spellcasting
 20356 | Lair:3   | Found a staircase to the Shoals.
 20425 | Lair:3   | You are sucked into a shaft and drop 2 floors!
 20425 | Lair:5   | Entered Level 5 of the Lair of Beasts
 20714 | Lair:4   | Found a viscous altar of Jiyva.
 20716 | Lair:4   | Found a staircase to the Slime Pits.
 20818 | Lair:3   | Found a hole to the Spider Nest.
 21444 | Lair:4   | Noticed Urug
 21450 | Lair:4   | Killed Urug
 21458 | Lair:4   | a +2 vorpal double sword {longrare=g}; 5 javelins
                  | {throwing}; a +0 scale mail
 21460 | Lair:4   | a +2 vorpal double sword {longrare=g}; 5 javelins
                  | {throwing}; a +0 scale mail
 21463 | Lair:4   | W - a +2 vorpal double sword {longrare=g}
 22348 | Lair:5   | Reached XP level 16. HP: 112/112 MP: 0/0
 22392 | Lair:5   | Reached skill level 17 in Spellcasting
 22841 | Lair:5   | Reached ****** piety under Makhleb
 23290 | Orc:1    | Entered Level 1 of the Orcish Mines
 23520 | Orc:2    | Entered Level 2 of the Orcish Mines
 23520 | Orc:2    | Found Ifichoes's Assorted Antiques.
 23855 | Orc:2    | Found a staircase to the Elven Halls.
 23915 | Orc:2    | Found Utripon's Antique Weapon Shoppe.
 24216 | Orc:2    | Found Essivacw's Antique Armour Emporium.
 24220 | Orc:2    | Found Tef Elir's Antique Weapon Shoppe.
 24232 | Orc:2    | Bought a jewelled trident for 246 gold pieces
 24232 | Orc:2    | Identified the +3 trident of the Unliving {vorpal, +Blink
                  | rC+ Str+3} (You bought it in a shop on level 2 of the
                  | Orcish Mines)
 24309 | Orc:2    | Found Dopperac's Weapon Emporium.
 25007 | D:15     | Found Pedisoeq's Assorted Antiques.
 25018 | D:15     | Bought a scroll labelled PIRCHI PORAF for 33 gold pieces
 25018 | D:15     | Bought a scroll of blinking for 247 gold pieces
 25018 | D:15     | Bought a twisted diamond ring for 165 gold pieces
 25100 | D:15     | Reached skill level 18 in Spellcasting
 25124 | D:15     | Noticed Rupert
 25143 | D:15     | Killed Rupert
 25704 | D:15     | Reached skill level 9 in Dodging
 25704 | D:15     | Reached skill level 7 in Shields
 25704 | D:15     | Reached XP level 17. HP: 118/118 MP: 0/0
 25704 | D:15     | Learned a level 7 spell: Spellforged Servitor
 25727 | D:15     | Found a staircase to the Depths.
 26081 | Elf:1    | Entered Level 1 of the Elven Halls
 26111 | Elf:1    | Paralysed by an air elemental for 1 turns
 26113 | Elf:1    | Reached skill level 9 in Armour
 26173 | Elf:1    | Reached skill level 10 in Fighting
 26183 | Elf:1    | HP: 7/119 [spore (38)]
 26183 | Elf:1    | Killed by an exploding ball lightning

Vanquished Creatures
  Rupert (D:15)
  Gastronok (D:8)
  Frances (D:12)
  A frost giant (D:15)
  An orc warlord (Orc:2)
  Azrael (D:12)
  A deep elf death mage (Elf:1)
  4 vault guards (D:14)
  6 boulder beetles
  3 ogre magi
  Erolcha (D:12)
  4 hydras
  A centaur warrior (D:14)
  3 tengu warriors
  15 two-headed ogres
  A dancing weapon (Elf:1)
  3 catoblepae
  A deep troll shaman (Lair:5)
  12 death yaks
  Urug (Lair:4)
  An orc high priest (Orc:2)
  Nergalle (D:10)
  A deep elf knight (Elf:1)
  A steelbarb worm (shapeshifter) (D:13)
  6 deep elf pyromancers
  2 deep elf zephyrmancers (Elf:1)
  A lindwurm (Lair:5)
  A wizard (D:14)
  2 orc knights
  Pikel (D:3)
  3 deep elf archers (Elf:1)
  4 orc sorcerers (Orc:2)
  8 ugly things
  3 cyclopes
  2 manticores (D:13)
  3 black mambas
  6 elephants (Lair:5)
  5 orange demons (D:10)
  2 gargoyles (D:13)
  A kobold demonologist (D:13)
  A rime drake (shapeshifter) (D:14)
  An unseen horror (D:9)
  9 cane toads
  2 rime drakes
  A komodo dragon (Lair:4)
  An efreet (D:14)
  A freezing wraith (D:14)
  3 red devils (D:10)
  3 trolls
  3 polar bears
  3 meliai (D:14)
  2 hornets (D:9)
  9 slime creatures
  28 blink frogs
  5 dream sheep (Lair:5)
  A shadow (D:11)
  An air elemental (Elf:1)
  4 wyverns
  2 vampires
  3 wraiths
  8 humans (D:14)
  6 basilisks
  48 yaks
  3 fire elementals (D:12)
  Eustachio (D:5)
  Grum (D:8)
  2 steam dragons
  3 wargs
  Menkaure (D:5)
  2 acid dragons
  A hell hound (D:12)
  6 water moccasins
  Duvessa (D:4)
  An ice beast (D:7)
  37 orc warriors
  2 black bears
  3 sky beasts
  13 wolves
  13 ogres
  3 lemures (D:3)
  3 kobold brigands
  8 bullfrogs
  An earth elemental (Elf:1)
  4 gnoll sergeants
  5 scorpions
  7 wights (D:9)
  Dowan (D:4)
  6 killer bees (D:11)
  3 howler monkeys
  An electric eel (Lair:5)
  5 hounds
  21 orc priests
  2 jellies (D:5)
  2 gnoll boudas
  Jessica (D:2)
  6 iguanas
  Natasha (D:2)
  25 orc wizards
  Terence (D:2)
  31 gnolls
  10 adders
  A shadow imp (D:6)
  A white imp (D:7)
  3 worms
  4 dart slugs
  113 orcs
  13 ball pythons
  9 bats
  10 endoplasms
  13 goblins
  7 hobgoblins
  4 jackals (D:1)
  10 quokkas
  3 frilled lizards
  19 kobolds
  9 rats
  A fulminant prism (Orc:2)
718 creatures vanquished.

Vanquished Creatures (collateral kills)
  2 ball lightnings (Lair:1)
  19 foxfires (D:3)
21 creatures vanquished.

Vanquished Creatures (others)
  22 ball lightnings
  796 foxfires
  403 fulminant prisms
  16 fungi
  71 plants
1308 creatures vanquished.

Grand Total: 2047 creatures vanquished

Table legend:
 A = Non-vault XP
 B = Vault XP
 C = Vault XP percentage of total XP
 D = Non-vault monster count
 E = Vault monster count
 F = Vault count percentage of total count
                 A         B        C        D         E       F
            +---------+---------+-------+---------+---------+-------
      Total |   93714 |   47307 |  33.5 |     505 |     209 |  29.3
            +---------+---------+-------+---------+---------+-------
        D:1 |      67 |       0 |   0.0 |      36 |       0 |   0.0
        D:2 |      78 |     105 |  57.4 |      30 |       3 |   9.1
        D:3 |     121 |     726 |  85.7 |      23 |       7 |  23.3
        D:4 |     309 |     207 |  40.1 |      26 |       2 |   7.1
        D:5 |     844 |     357 |  29.7 |      29 |       2 |   6.5
        D:6 |     574 |       0 |   0.0 |      15 |       0 |   0.0
        D:7 |    1623 |       0 |   0.0 |      15 |       0 |   0.0
        D:8 |    1143 |    1988 |  63.5 |      20 |       4 |  16.7
        D:9 |    3657 |    4134 |  53.1 |      37 |      19 |  33.9
       D:10 |    1820 |    4946 |  73.1 |      16 |      11 |  40.7
       D:11 |    5297 |      92 |   1.7 |      31 |       1 |   3.1
       D:12 |    2438 |    3682 |  60.2 |       5 |       7 |  58.3
       D:13 |   10414 |       0 |   0.0 |      18 |       0 |   0.0
       D:14 |    7827 |    6187 |  44.1 |      19 |      37 |  66.1
       D:15 |   17969 |    4683 |  20.7 |      27 |       4 |  12.9
     Lair:1 |    3567 |    1590 |  30.8 |      14 |       7 |  33.3
     Lair:2 |     298 |       0 |   0.0 |       2 |       0 |   0.0
     Lair:3 |    5119 |    1597 |  23.8 |      21 |       7 |  25.0
     Lair:4 |    3031 |     806 |  21.0 |      10 |       1 |   9.1
     Lair:5 |   15840 |    8978 |  36.2 |      52 |      19 |  26.8
      Orc:1 |    1545 |       0 |   0.0 |      24 |       0 |   0.0
      Orc:2 |    3008 |    7229 |  70.6 |      23 |      78 |  77.2
      Elf:1 |    7125 |       0 |   0.0 |      12 |       0 |   0.0
            +---------+---------+-------+---------+---------+-------

Illustrated notes

Table legend:
 A = Kills in this place as a percentage of kills in entire the game.
 B = Kills by you in this place as a percentage of kills by you in the entire game.
 C = Kills by friends in this place as a percentage of kills by friends in the entire game.
 D = Other kills in this place as a percentage of other kills in the entire game.
 E = Experience gained in this place as a percentage of experience gained in the entire game.
 F = Experience gained in this place divided by the number of levels of this place that you have seen.
                   A       B       C       D       E      F
               +-------+-------+-------+-------+-------+----------------------
         Total | 100.0 | 100.0 |   N/A |   N/A | 100.0 | 5875.9
       Dungeon |  62.2 |  62.2 |   N/A |   N/A |  57.6 | 5419.2
          Lair |  18.6 |  18.6 |   N/A |   N/A |  29.0 | 8165.2
  Orcish Mines |  17.5 |  17.5 |   N/A |   N/A |   8.4 | 5891.0
   Elven Halls |   1.7 |   1.7 |   N/A |   N/A |   5.1 | 7125.0
               +-------+-------+-------+-------+-------+----------------------

Table legend: (Time is in decaauts)
 A = Elapsed time spent in this place.
 B = Non-inter-level travel time spent in this place.
 C = Inter-level travel time spent in this place.
 D = Time resting spent in this place.
 E = Time spent auto-exploring this place.
 F = Levels seen in this place.
 G = Mean time per level.
                   A        B        C        D        E       F      G
               +--------+--------+--------+--------+--------+-----+--------+
         Total |  26202 |  24809 |   1393 |   3250 |  15542 |  24 | 1091.8 |
       Dungeon |  19938 |  18924 |   1014 |   3102 |  11703 |  15 | 1329.2 |
        Temple |     46 |     31 |     15 |      0 |      0 |   1 |   46.0 |
          Lair |   4550 |   4324 |    226 |     86 |   3038 |   5 |  910.0 |
  Orcish Mines |   1616 |   1479 |    137 |     59 |    801 |   2 |  808.0 |
   Elven Halls |     50 |     50 |      0 |      3 |      0 |   1 |   50.0 |
               +--------+--------+--------+--------+--------+-----+--------+

Top non-repeatable levels by time:
     D:9: 2111 daAuts
     D:3: 2004 daAuts
     D:1: 1662 daAuts
     D:4: 1596 daAuts
     D:2: 1493 daAuts
     D:8: 1366 daAuts
    D:11: 1304 daAuts
    D:15: 1220 daAuts
   Orc:2: 1181 daAuts
    D:13: 1153 daAuts
    D:14: 1066 daAuts
    D:10: 1066 daAuts
  Lair:5: 1053 daAuts
     D:7: 1047 daAuts
  Lair:4: 1039 daAuts
